 Dungeon Crawl Stone Soup version 0.27-a0-887-gcab673c142 (webtiles) character file.

Game seed: 10405938326291259113

163 rageheart7 the Chiller (level 5, 0/28 HPs)
             Began as a Deep Elf Ice Elementalist on Apr 4, 2021.
             Slain by a howler monkey zombie (3 damage)
             ... on level 4 of the Dungeon.
             The game lasted 00:06:21 (3668 turns).

rageheart7 the Chiller (Deep Elf Ice Elementalist)  Turns: 3668, Time: 00:06:23

Health: 0/28       AC:  3    Str:  6    XL:     5   Next: 20%
Magic:  10/15      EV: 12    Int: 20    God:
Gold:   90         SH:  0    Dex: 15    Spells: 7/15 levels left

rFire    . . .     SeeInvis .   s - staff of air
rCold    . . .     Faith    .   (no shield)
rNeg     . . .     Spirit   .   a - +0 robe
rPois    .         Reflect  .   (no helmet)
rElec    +         Harm     .   (no cloak)
rCorr    +         Rampage  .   m - +0 pair of gloves
Will     .....                  (no boots)
Stlth    ++........             (no amulet)
HPRegen  0.09/turn              t - ring of resist corrosion
MPRegen  0.14/turn              (no ring)

@: no status effects
A: no striking features
a: no special abilities


You were on level 4 of the Dungeon.
You visited 1 branch of the dungeon, and saw 4 of its levels.

You collected 90 gold pieces.

Inventory:

Hand Weapons
 i - a +0 dagger of speed
Armour
 a - a +0 robe (worn)
 m - a +0 pair of gloves (worn)
Magical Staves
 s - a staff of air (weapon)
Jewellery
 t - a ring of resist corrosion (left hand)
Wands
 l - a wand of flame (22)
Scrolls
 b - a scroll of identify {unknown}
 c - a scroll of teleportation {unknown}
 f - 2 scrolls of brand weapon {unknown}
 j - a scroll of amnesia {unknown}
 k - a scroll of vulnerability {unknown}
 o - 2 scrolls of magic mapping {unknown}
 p - a scroll of fear {unknown}
 q - a scroll of blinking {unknown}
 r - a scroll of holy word {unknown}
Potions
 e - a potion of curing {unknown}
 g - a potion of resistance {unknown}
 h - 3 potions of cancellation {unknown}
 n - a potion of might {unknown}


   Skills:
 - Level 2.4 Dodging
 - Level 2.4 Stealth
 * Level 5.5 Spellcasting
 * Level 0.2 Conjurations
 * Level 5.9 Ice Magic


You had 7 spell levels left.
You knew the following spells:

 Your Spells              Type           Power      Damage    Failure   Level
a - Freeze                Ice            100%       1d11      1%          1
b - Hailstorm             Conj/Ice       18%        3d6       30%         4
c - Ozocubu's Armour      Ice            29%        N/A       2%          3

Your spell library contained the following spells:

 Spells                   Type           Power      Damage    Failure   Level
 Frozen Ramparts          Ice            58%        1d7       2%          3
 Summon Ice Beast         Ice/Summ       17%        N/A       32%         4


Dungeon Overview and Level Annotations

Branches:
Dungeon (4/15)
 Temple: D:4-7

Altars:
Dithmenos


Message History

You hit the howler monkey zombie.
The howler monkey zombie is heavily damaged.
The howler monkey zombie barely misses you.
You hit the howler monkey zombie.
The howler monkey zombie is heavily damaged.
The howler monkey zombie barely misses you. x2
You barely miss the howler monkey zombie.
The howler monkey zombie is heavily damaged.
The howler monkey zombie closely misses you.
You hit the howler monkey zombie.
The howler monkey zombie is severely damaged.
The howler monkey zombie hits you.
You hit the howler monkey zombie.
The howler monkey zombie is severely damaged.
The howler monkey zombie hits you but does no damage.
You hit the howler monkey zombie.
The howler monkey zombie is severely damaged.
The howler monkey zombie hits you.
You closely miss the howler monkey zombie.
The howler monkey zombie is severely damaged.
The howler monkey zombie hits you.
* * * LOW HITPOINT WARNING * * *
The howler monkey zombie hits you.
* * * LOW HITPOINT WARNING * * *
You hit the howler monkey zombie but do no damage.
The howler monkey zombie is severely damaged.
The howler monkey zombie closely misses you.
You hit the howler monkey zombie.
The howler monkey zombie is almost destroyed.
The howler monkey zombie hits you.
* * * LOW HITPOINT WARNING * * *
Casting: Freeze (safe; 1% risk of failure)
Confirm with . or Enter, or press ? or * to list all spells.
Aiming: Freeze (safe; 1% risk of failure)
Press: ? - help, Shift-Dir - straight line, f/p - howler monkey zombie
Aim: a howler monkey zombie (almost destroyed)
You freeze the howler monkey zombie.
The howler monkey zombie resists.
The howler monkey zombie is almost destroyed.
The howler monkey zombie hits you.
You die...

# .# #. ..# .# #
#..# . .##...# #.
#..... . #.#
##.#.#
....#..##....#
.......Z@....###.#
##########†......#
#....).###.#
#######.##.###
...........#
#.####<#### #.#
#.# #.#


You could see a howler monkey zombie.

Vanquished Creatures
  An orc wizard (D:3)
  3 adders
  An adder skeleton (D:4)
  5 worms
  2 dart slugs (D:2)
  2 orcs (D:3)
  8 ball pythons
  4 bats
  7 endoplasms
  3 giant cockroaches
  7 goblins
  7 hobgoblins
  15 jackals
  10 kobolds
  2 quokkas
  3 frilled lizards
  A rat (D:2)
81 creatures vanquished.

Notes
Turn   | Place    | Note
-------+----------+-------------------------------------------
     0 | D:1      | rageheart7 the Deep Elf Ice Elementalist began the quest
                  | for the Orb.
     0 | D:1      | Reached XP level 1. HP: 10/10 MP: 6/6
   113 | D:1      | Found a faded altar of an unknown god.
   391 | D:1      | Reached XP level 2. HP: 15/15 MP: 5/8
  1032 | D:1      | Reached skill level 5 in Ice Magic
  1032 | D:1      | Reached XP level 3. HP: 19/19 MP: 10/10
  2051 | D:2      | Reached XP level 4. HP: 22/24 MP: 6/12
  2060 | D:2      | Learned a level 4 spell: Hailstorm
  2064 | D:2      | Learned a level 3 spell: Ozocubu's Armour
  2606 | D:3      | Reached skill level 5 in Spellcasting
  3214 | D:3      | Found a shadowy altar of Dithmenos.
  3330 | D:3      | Reached XP level 5. HP: 20/28 MP: 5/14
  3668 | D:4      | Slain by a howler monkey zombie

Illustrated notes

Levels and vault maps discovered:
D:1:      dpeg_arrival_refuge, layout_rooms, ebering_ecumenical_altar_rust,
          chequers_serial_rivers_micro_b, minmay_misc_feat_chi
D:2:      layout_basic, kennysheep_generic_room_4
D:3:      layout_rooms, marbit_many_paths
D:4:      minmay_diamond_boxcup, layout_loops_ring, vehumet_altar_wand_db,
          kennysheep_mini, minmay_pentomino_pile

Skill      XL: |  1  2  3  4 |
---------------+-------------+-----
Spellcasting   | 4 5 |  5.5
Ice Magic      | 5 |  5.9
Dodging        | |  2.4
Stealth        | |  2.4
Conjurations   | |  0.2

Action                   |  1- 3 |  4- 6 || total
-------------------------+-------+-------++-------
Melee: Unarmed           |     4 |       ||     4
       Dagger            |    39 |    33 ||    72
       Staff             |       |    21 ||    21
 Cast: Freeze            |    65 |    57 ||   122
  Use: Potion            |       |     1 ||     1
 Stab: Sleeping          |     2 |     9 ||    11
       Distracted        |     1 |       ||     1
Armor: Robe              |    13 |    15 ||    28
       Skin              |       |     7 ||     7
Dodge: Dodged            |    51 |    41 ||    92

Table legend: (Time is in decaauts)
 A = Elapsed time spent in this place.
 B = Non-inter-level travel time spent in this place.
 C = Inter-level travel time spent in this place.
 D = Time resting spent in this place.
 E = Time spent auto-exploring this place.
 F = Levels seen in this place.
 G = Mean time per level.
                   A        B        C        D        E       F      G
               +--------+--------+--------+--------+--------+-----+--------+
         Total |   3652 |   3574 |     78 |      0 |   3071 |   4 |  913.0 |
       Dungeon |   3652 |   3574 |     78 |      0 |   3071 |   4 |  913.0 |
               +--------+--------+--------+--------+--------+-----+--------+

Top non-repeatable levels by time:
     D:2: 1455 daAuts
     D:3: 1074 daAuts
     D:1: 1067 daAuts
     D:4: 54 daAuts
